Valeera, chaotic female human Rogue ---------- |.........############ --------- ----------- |........| # |...|...| |^.)).)...| |......... ####....|<..-## +@q##|.)>).....| |........| ###|.).|...| # # #.....)....| --------|- ###-...|...| ##) |(^(......| # ### |...|...| # -----.----- # # |...|...| ### # # ### |.......| # # # # --------- ### ### # ### # # # # ###------------- ### ## ### #............|# # -----.----# |...........|### ## |........|# |............## ---.---|- |........|# |...........| # |.......| |........-# |...........| ####........| ---------- ------------- --------- Valeera the Cutpurse Experience level: 5 Strength: 16 Dexterity: 18 Constitution: 13 Intelligence: 11 Wisdom: 10 Charisma: 10 Health: 0(33) Energy: 16(16) AC: 7 Gold: 316 Moves: 1716 Your Inventory: Coins $ - 316 gold pieces Weapons a - an uncursed +2 short sword (weapon in hand) b - 3 uncursed +0 daggers (in quiver) o - a [cursed +0] runed dagger [elven] A - an [uncursed +0] angled poleaxe [halberd] Armor c - an uncursed +1 leather armor (being worn) n - a [cursed -2] leather armor Comestibles g - 3 [uncursed] food rations j - an [uncursed] fortune cookie t - 2 [uncursed] tripe rations Scrolls h - an [uncursed] unlabeled scroll [of blank paper] Spellbooks C - an [uncursed] spellbook of blank paper Potions d - an uncursed potion of sickness v - an [uncursed] squishy potion [of restore ability] D - an [uncursed] fizzy potion [of fruit juice] E - a [cursed] luminescent potion [of extra healing] Rings i - an [uncursed] tiger eye ring [of shock resistance] q - an [uncursed] twisted ring [of cold resistance] Wands p - an [uncursed] balsa wand [of light (0:15)] Tools e - an uncursed lock pick f - an uncursed sack z - an [uncursed tallow] candle Gems k - an [uncursed] violet gem [worthless glass] m - 2 [uncursed] yellowish brown gems [worthless glass] w - an [uncursed] green gem [jade] x - an [uncursed] violet gem [amethyst] F - an [uncursed] red gem [worthless glass] Spells known in the end: Name Level Category Fail Memory Your skills at the end: Fighting Skills Weapon Skills dagger [Basic / Expert] short sword [Basic / Expert] Spellcasting Skills Final Attributes: You were devoutly aligned. Hunger level was 607. Your alignment was 18 / 18. Monster difficulty range was 0 - 4. Level difficulty was 4. You were stealthy. Your luck was zero. You are dead. Vanquished creatures: a leprechaun a gray ooze 2 rothes a hobbit a giant rat a cave spider 2 brown molds a green mold 3 gnomes 5 geckos 2 jackals 2 goblins a sewer rat 2 grid bugs 7 lichens 4 kobold zombies 2 newts 38 creatures vanquished. Voluntary challenges: You followed a strict vegan diet. You used a wielded weapon 24 times. You read items or engraved 8 times. You put on armor 1 time. You never genocided any monsters. You never polymorphed an object. You never changed form. You used no wishes. You wrote Elbereth's name 4 times. You never encountered a bones level. You never used any Sokoban shortcuts. Dungeon overview: The Dungeons of Doom: levels 1 to 4 Level 1 a fountain, a sink a long staircase Level 2 a fountain Level 3 a fountain a long staircase Level 4 <- You were here History has recorded: On T:1 you entered the Dungeons of Doom to retrieve the Amulet of Yendor! On T:305 you reached level 2 of The Dungeons of Doom. On T:328 you advanced to experience level 2. On T:375 you advanced to experience level 3. On T:858 you advanced to experience level 4. On T:1038 you reached level 3 of The Dungeons of Doom. On T:1391 you reached level 4 of The Dungeons of Doom. On T:1595 you advanced to experience level 5. Latest messages: You throw 2 daggers. The 1st dagger hits the gray ooze! The 2nd dagger hits the gray ooze! The little dog misses the rothe. The little dog picks up 6 darts. The little dog misses the rothe. The little dog drops 6 darts. The little dog misses the homunculus. (4x) [HP+1=3] [2 turns] The little dog eats a jackal corpse. [2 turns] Pick an object. A rothe on a lit corridor. [HP+1=4] You write "Elbereth" with your fingers into the dust. You hear some noises in the distance. The rothe misses. The rothe bites! (2x) You die... The sack is empty. Final status: Goodbye Valeera the Rogue... You died in The Dungeons of Doom on dungeon level 4 with 1145 points, and 316 pieces of gold, after 1716 moves. You were level 5 with a maximum of 33 hit points when you died.